 Dungeon Crawl Stone Soup version 0.29.1-2-gbd0b4ee654 (webtiles) character file.

Game seed: 9954052118923357649

74 GorkyZ the Shooter (level 4, -3/35 HPs)
             Began as a Palentonga Hunter on Nov 14, 2022.
             Slain by a small abomination (8 damage)
             ... on level 3 of the Dungeon.
             The game lasted 00:09:01 (2015 turns).

GorkyZ the Shooter (Palentonga Hunter)              Turns: 2015, Time: 00:09:01

Health: -3/35      AC: 11    Str: 17    XL:     4   Next: 10%
Magic:  4/4        EV:  5    Int:  9    God:
Gold:   104        SH:  3    Dex: 15    Spells: 3/3 levels left

rFire   . . .      SeeInvis +   o - +0 spear
rCold   . . .      Faith    .   d - +0 buckler
rNeg    . . .      Spirit   .   j - +0 chain mail
rPois   .          Reflect  .   (no helmet)
rElec   .          Harm     .   (no cloak)
rCorr   .          Rampage  .   (no gloves)
Will    .....                   (no barding)
Stlth   ..........              l - amulet of regeneration
HPRegen 0.91/turn               w - +4 ring of protection
MPRegen 0.09/turn               (no ring)

@: no status effects
A: large, rugged brown scales 3, see invisible, deformed body, roll 1, armoured
tail
a: Rolling Charge


You were on level 3 of the Dungeon.
You visited 1 branch of the dungeon, and saw 3 of its levels.

You collected 104 gold pieces.

Inventory:

Hand Weapons
 a - a +0 shortbow
 g - a +0 dagger
 n - a +0 sling
 o - a +0 spear (weapon)
Missiles
 f - 12 poisoned darts
 h - 32 stones
 m - 6 javelins
Armour
 c - a +0 leather armour
 d - a +0 buckler (worn)
 j - a +0 chain mail (worn)
 t - an orb of light
 u - a +0 pair of boots
Jewellery
 l - an amulet of regeneration (around neck)
 s - a ring of fire
 w - a +4 ring of protection (left hand)
Scrolls
 b - a scroll of immolation
 e - 3 scrolls of poison {unknown}
 k - a scroll of enchant weapon {unknown}
 q - a scroll of fear {unknown}
 r - a scroll of identify {unknown}
 x - a scroll of blinking {unknown}
Potions
 i - a potion of mutation {unknown}
 p - a potion of brilliance {unknown}
 v - a potion of ambrosia {unknown}


   Skills:
 + Level 2.2 Fighting
 - Level 0.3 Short Blades
 + Level 0.6 Polearms
 * Level 4.0 Ranged Weapons
 * Level 1.2 Armour
 * Level 1.7 Dodging
 - Level 0.5 Stealth
 + Level 0.1 Shields


You had 3 spell levels left.
You didn't know any spells.
Your spell library contained the following spells:

 Spells                   Type           Power      Damage    Failure   Level
 Magic Dart               Conj           0%         1d3       100%        1
 Sandblast                Erth           0%         2d4       100%        1
 Shock                    Conj/Air       0%         1d3       100%        1
 Call Imp                 Summ           0%         N/A       100%        2
 Passwall                 Tmut/Erth      0%         N/A       100%        2
 Static Discharge         Conj/Air       0%         3-3/arc   100%        2
 Mephitic Cloud           Conj/Pois/Air  0%         N/A       100%        3
 Stone Arrow              Conj/Erth      0%         3d7       100%        3
 Swiftness                Air            0%         N/A       100%        3
 Airstrike                Air            0%         2d(0-16)  100%        4
 Dispel Undead            Necr           0%         3d6       100%        4
 Sticky Flame             Conj/Fire      0%         2d3       100%        4


Dungeon Overview and Level Annotations

Branches:
Dungeon (3/15)

Altars:

Portals:
Abyss: D:3

Annotations:
D:3 1 transporter, PiMastah's ghost, amateur NaTm


Innate Abilities, Weirdness & Mutations

You are completely covered in rugged brown scales. (AC +3, +7% HP)
You have supernaturally acute eyesight. (SInv)
Armour fits poorly on your strangely shaped body.
You can roll at nearby foes to attack.
You have a long armoured tail.


Message History

The quasit barely misses you.
The small abomination hits you but does no damage.
You block the quasit's attack. The quasit barely misses you.
The quasit completely misses you.
You hit the small abomination but do no damage.
Your tail-slap misses the small abomination.
The small abomination barely misses you.
The quasit barely misses you. x2; The quasit closely misses you.
You hit the small abomination.
The small abomination is lightly damaged.
The small abomination hits you!!
Ouch! That really hurt!
The quasit bites you but does no damage.
The quasit claws you but does no damage. x2
The small abomination hits you but does no damage.
The quasit bites you but does no damage.
The quasit claws you but does no damage.
The quasit closely misses you.
You barely miss the quasit. The small abomination hits you.
The quasit bites you but does no damage.
The quasit claws you but does no damage. x2
You hit the quasit.
The quasit is lightly wounded.
The small abomination hits you but does no damage.
The quasit bites you but does no damage.
The quasit claws you but does no damage. x2
You miss the quasit.
The quasit is lightly wounded.
The small abomination hits you but does no damage.
The quasit bites you. You block the quasit's attack.
The quasit claws you but does no damage.
The small abomination hits you!
* * * LOW HITPOINT WARNING * * *
The quasit barely misses you.
The quasit claws you but does no damage. x2
You hit the small abomination but do no damage.
You tail-slap the small abomination.
The small abomination is moderately damaged.
The small abomination hits you!
You die...

.#......)..............#.#..
.........###..###......#.#...
.#..###.## ####.##........#
.#..#.###...##.#.#........#
#..#....# #....x#©.......#
#..##.#^# ..#.#.##.......#
.#...# # .# ###.##......#
.#...## #.##.#.5x##...#....
......##...#.. #@##....#####
.#.....#x..##..###.....####
.......#g####...............
##...###..^.##....†.........
#...# W..$..#####..........
#..##.^.###..##.##.........
#..#©..##©# #:...#.....####
#..##∩##..###.####.....#
#...###....####........#


You could see a small abomination and a quasit.

Vanquished Creatures
  2 gnolls
  An adder (D:3)
  5 orcs (D:3)
  3 ball pythons
  5 bats
  An endoplasm (D:1)
  3 giant cockroaches
  3 goblins (D:1)
  3 hobgoblins (D:1)
  3 quokkas
  2 frilled lizards
  5 kobolds
  3 rats
39 creatures vanquished.

Notes
Turn   | Place    | Note
-------+----------+-------------------------------------------
     0 | D:1      | GorkyZ the Palentonga Hunter began the quest for the Orb.
     0 | D:1      | Reached XP level 1. HP: 17/17 MP: 1/1
   296 | D:1      | Reached XP level 2. HP: 3/23 MP: 2/2
   864 | D:1      | Reached skill level 1 in Armour
   864 | D:1      | Reached XP level 3. HP: 16/28 MP: 3/3
   868 | D:1      | Found a faded altar of an unknown god.
  1852 | D:3      | Noticed a small abomination
  1855 | D:3      | Noticed PiMastah's ghost (amateur NaTm)
  1859 | D:3      | Found a transporter.
  1859 | D:3      | Found a one-way gate to the infinite horrors of the Abyss.
  1898 | D:3      | Found a transporter.
  1977 | D:3      | Reached skill level 4 in Ranged Weapons
  1977 | D:3      | Reached XP level 4. HP: 31/35 MP: 4/4
  2015 | D:3      | Slain by a small abomination

Illustrated notes

Levels and vault maps discovered:
D:1:      onia_arrival_mini_spirals, layout_rooms, ebering_ecumenical_altar_hall
D:2:      layout_loops_ring
D:3:      layout_basic, gammafunk_ghost_abyssal_escape

Skill      XL: |  1  2  3 |
---------------+----------+-----
Armour         | 1 |  1.2
Ranged Weapons | 4 |  4.0
Fighting       | |  2.2
Short Blades   | |  0.3
Polearms       | |  0.6
Dodging        | |  1.7
Stealth        | |  0.5
Shields        | |  0.1

Action                   |  1- 3 |  4- 6 || total
-------------------------+-------+-------++-------
Melee: Unarmed           |    42 |       ||    42
       Tailslap          |    13 |     1 ||    14
       Dagger            |    40 |       ||    40
       Spear             |    72 |     9 ||    81
 Fire: Shortbow          |     1 |       ||     1
 Stab: Sleeping          |     5 |       ||     5
Armor: Leather armour    |    44 |       ||    44
       Chain mail        |    10 |    26 ||    36
Dodge: Dodged            |    53 |    12 ||    65
Block: Buckler           |    20 |     3 ||    23
